 Dungeon Crawl Stone Soup version 0.31-a0-963-ga325b2283a (webtiles) character file.

Game seed: 3831187182753687166

396666 Dnvifnvgi the Impregnable (level 22, -9/203 (214) HPs)
             Began as a Minotaur Fighter on Oct 25, 2023.
             Was a High Priest of Okawaru.
             Hit by a large rock thrown by a stone giant (14 damage)
             ... on level 5 of the Vaults.
             The game lasted 01:58:15 (49477 turns).

Dnvifnvgi the Impregnable (Minotaur Fighter)       Turns: 49477, Time: 01:58:17

HP:   -9/203 (214)  AC: 33    Str: 28    XL:     22   Next: 20%
MP:   28/28         EV: 22    Int:  5    God:    Okawaru [*****.]
Gold: 2020          SH: 12    Dex: 12    Spells: 21/21 levels left

rFire   . . .        C - +8 broad axe (heavy)
rCold   . . .        h - +3 buckler {AC+3}
rNeg    . . .        J - +2 chain mail of Rotation {rCorr}
rPois   +            W - +2 hat {Will+}
rElec   .            d - +2 cloak {rCorr}
rCorr   +            N - +2 pair of gloves {Stlth+}
SInv    +            y - +1 pair of boots of Weightlessness {SInv}
Will    ++...        b - amulet of regeneration Stlth
                     m - +5 ring of evasion
HPRegen 1.33/turn    Q - ring of poison resistance
MPRegen 0.21/turn

%: no passive effects
@: marked, drained
A: horns 2, retaliatory headbutt, weak 1
}: 2/15 runes: decaying, gossamer
a: Renounce Religion, Heroism, Finesse, Duel


You were on level 5 of the Vaults.
You worshipped Okawaru.
Okawaru was extremely pleased with you.
You visited 8 branches of the dungeon, and saw 39 of its levels.
You visited the Abyss 1 time.
You visited 1 bazaar.
You also visited: Trove, Bailey, Gauntlet and Ice Cave.

You collected 7214 gold pieces.
You spent 5194 gold pieces at shops.

Inventory:

Hand Weapons
 c - a +4 broad axe of chaos
 C - a +8 heavy broad axe (weapon)
Missiles
 g - 22 silver javelins
 n - 5 throwing nets
Armour
 d - a +2 cloak of preservation (worn)
 h - a +3 buckler of protection (worn)
 y - the +1 pair of boots of Weightlessness (worn) {SInv}
   (You found it on level 15 of the Dungeon)

   SInv:      It lets you see invisible.
 z - the +0 pair of boots of the Saviour {rF++}
   (You acquired it on level 3 of the Elven Halls)

   rF++:      It greatly protects you from fire.
 B - a scarf of resistance
 J - the +2 chain mail of Rotation (worn) {rCorr}
   (You found it in a bailey)

   rCorr:     It protects you from acid and corrosion.
 N - a +2 pair of gloves of stealth (worn)
 S - a +0 kite shield of reflection
 W - a +2 hat of willpower (worn)
Jewellery
 a - the ring of Zuqes {Fly rF+ Stlth+}
   (You bought it in a shop on level 4 of the Vaults)

   [ring of protection from fire]

   rF+:       It protects you from fire.
   Fly:       It grants you flight.
   Stlth+:    It makes you more stealthy.
 b - an amulet of regeneration (around neck)
 m - a +5 ring of evasion (left hand)
 q - a ring of protection from fire
 w - a +6 ring of intelligence
 H - a ring of protection from fire
 Q - a ring of poison resistance (right hand)
Wands
 k - a wand of digging (13)
 o - a wand of light (26)
 F - a wand of iceblast (62)
Scrolls
 t - 2 scrolls of enchant armour
 u - 8 scrolls of teleportation
 L - 2 scrolls of silence
 M - 7 scrolls of fog
 O - 2 scrolls of torment
 R - 3 scrolls of fear
 T - 9 scrolls of blinking
 U - 2 scrolls of immolation
 Y - 4 scrolls of revelation
Potions
 e - 33 potions of curing
 f - 4 potions of attraction
 j - 10 potions of heal wounds
 l - 4 potions of invisibility
 p - 5 potions of haste
 r - 3 potions of berserk rage
 x - 4 potions of lignification
 D - 11 potions of enlightenment
 E - 3 potions of might
 I - 5 potions of magic
 K - 2 potions of cancellation
 P - 8 potions of ambrosia
Miscellaneous
 i - a phial of floods
 s - a condenser vane
 v - a lightning rod (3/4)


   Skills:
 + Level 21.6 Fighting
 - Level 18.0 Axes
 + Level 21.8 Armour
 + Level 19.9 Dodging
 + Level 21.7 Shields
 - Level 10.0 Invocations


You had 21 spell levels left.
You didn't know any spells.
Your spell library contained the following spells:

 Spells                   Type           Power      Damage    Failure   Level
 Foxfire                  Conj/Fire      0%         2x1d4     77%         1
 Freeze                   Ice            0%         1d3       77%         1
 Kiss of Death            Conj/Necr      0%         2d5       77%         1
 Magic Dart               Conj           0%         1d3       77%         1
 Necrotise                Necr           0%         1d4       77%         1
 Sandblast                Erth           0%         2d4       77%         1
 Slow                     Hex            0%         N/A       77%         1
 Sting                    Tmut/Pois      0%         1d3       77%         1
 Blink                    Tloc           0%         N/A       88%         2
 Cigotuvi's Dreadful Rot  Necr/Pois/Air  0%         N/A       88%         2
 Ensorcelled Hibernation  Hex/Ice        0%         N/A       88%         2
 Jinxbite                 Hex            0%         N/A       88%         2
 Lesser Beckoning         Tloc           0%         N/A       88%         2
 Momentum Strike          Conj/Tloc      0%         3d8       88%         2
 Passwall                 Tmut/Erth      0%         N/A       88%         2
 Poisonous Vapours        Pois/Air       0%         N/A       88%         2
 Static Discharge         Conj/Air       0%         3-3/arc   88%         2
 Wereblood                Tmut           0%         N/A       88%         2
 Confusing Touch          Hex            0%         N/A       98%         3
 Frozen Ramparts          Ice            0%         1d1       98%         3
 Hailstorm                Conj/Ice       0%         3d3       98%         3
 Ignite Poison            Fire/Tmut/Pois 0%         N/A       98%         3
 Inner Flame              Hex/Fire       0%         N/A       98%         3
 Sigil of Binding         Hex            0%         N/A       98%         3
 Stone Arrow              Conj/Erth      0%         3d7       98%         3
 Vampiric Draining        Necr           0%         2d6       98%         3
 Volatile Blastmotes      Fire/Tloc      0%         2d10      98%         3
 Airstrike                Air            0%         2d(0-16)  100%        4
 Anguish                  Hex/Necr       0%         N/A       100%        4
 Brom's Barrelling Bould  Conj/Erth      0%         2d3       100%        4
 Dimensional Bullseye     Hex/Tloc       0%         N/A       100%        4
 Dispel Undead            Necr           0%         3d6       100%        4
 Flame Wave               Conj/Fire      0%         2d4       100%        4
 Fulminant Prism          Conj/Hex       0%         3d5       100%        4
 Iskenderun's Mystic Bla  Conj/Tloc      0%         2d3       100%        4
 Leda's Liquefaction      Hex/Erth       0%         N/A       100%        4
 Manifold Assault         Tloc           0%         N/A       100%        4
 Olgreb's Toxic Radiance  Pois           0%         N/A       100%        4
 Passage of Golubria      Tloc           0%         N/A       100%        4
 Petrify                  Tmut/Erth      0%         N/A       100%        4
 Agony                    Necr           0%         N/A       100%        5
 Borgnjor's Vile Clutch   Necr/Erth      0%         N/A       100%        5
 Freezing Cloud           Conj/Ice/Air   0%         6-21      100%        5
 Irradiate                Conj/Tmut      0%         3d11      100%        5
 Metabolic Englaciation   Hex/Ice        0%         N/A       100%        5
 Silence                  Hex/Air        0%         N/A       100%        5
 Bombard                  Conj/Erth      0%         9d1       100%        6
 Plasma Beam              Fire/Air       0%         2x1d10    100%        6
 Starburst                Conj/Fire      0%         6d3       100%        6
 Discord                  Hex            0%         N/A       100%        8
 Lehudib's Crystal Spear  Conj/Erth      0%         10d2      100%        8
 Call Canine Familiar     Summ           Unusable   N/A       N/A         3
 Animate Armour           Summ/Erth      Unusable   N/A       N/A         4
 Animate Dead             Necr           Unusable   N/A       N/A         4
 Summon Lightning Spire   Summ/Air       Unusable   N/A       N/A         4
 Death Channel            Necr           Unusable   N/A       N/A         6

Dungeon Overview and Level Annotations

Branches:
Dungeon (15/15)            Temple (1/1) D:7            Lair (5/5) D:11
  Swamp (4/4) Lair:2       Spider (4/4) Lair:3        Slime (0/5) Lair:4
    Orc (2/2) D:12            Elf (3/3) Orc:2        Vaults (5/5) D:14
  Crypt (0/3) Vaults:2     Depths (0/4) D:15         Bailey (visited)
  IceCv (visited)         Gauntlet (visited)

Altars:
Ashenzari
Cheibriados
Dithmenos
Elyvilon
Fedhas
Gozag
Hepliaklqana
Kikubaaqudgha
Makhleb
Nemelex Xobeh
Okawaru
Qazlal
Ru
Sif Muna
Trog
Uskayaw
Vehumet
Wu Jian
Xom
Yredelemnul
Zin
The Shining One

Shops:
D:4 [   D:6 *[*   D:8 ((   Orc:1 *(   Orc:2 =!?!*[[*(   Elf:1 [!!=   Elf:2 =::
Elf:3 *   Vaults:2 (   Vaults:3 (   Vaults:4 (*

Annotations:
D:10 3 runed translucent doors, TheCrane's ghost, journeyman GrEE
Lair:2 2 transporters, soseboi's ghost, journeyman GrMo
Elf:1 1 runed translucent door
Elf:2 3 runed translucent doors


Innate Abilities, Weirdness & Mutations

You have a pair of horns on your head.
You reflexively headbutt those who attack you in melee.
You are weak. (Str -2)


Message History

A sentinel's mark forms upon you.
You hear a shout! x11; You hear a chilling moan.
You hear a shout! x5
You hear a bark!
You hear a shout! x5; You hear a horrible gurgling sound!
You hear a shout! x13
The tengu reaver seems to regain its courage.
The tengu reaver casts a spell at you. The bolt of lightning misses you.
Your surroundings suddenly seem different.
A yaktaur captain, a deep elf annihilator, a war gargoyle, a shadow wraith and 2 stone giants come into view.
The war gargoyle is wielding a +4 heavy great mace.
The stone giant throws a large rock.
The large rock hits you!!
* * * LOW HITPOINT WARNING * * *
A necromancer comes into view. It is wielding a +0 dagger.
The yaktaur captain moves out of view.
You feel much better.
The stone giant throws a large rock.
The large rock hits you!!
* * * LOW HITPOINT WARNING * * *
The stone giant throws a large rock.
You block the large rock.
Unknown command.
As you read the scroll of fear, it crumbles to dust.
You assume a fearsome visage.
The yaktaur captain looks frightened!
The deep elf annihilator easily resists.
The war gargoyle is unaffected.
The necromancer looks frightened!
The stone giant resists with almost no effort.
The shadow wraith is unaffected.
The stone giant looks frightened!
The war gargoyle completely misses you. You furiously retaliate!
You headbutt the war gargoyle.
The stone giant throws a large rock.
The large rock hits you!
* * * LOW HITPOINT WARNING * * *
You block the shadow wraith's attack.
The stone giant howls, "Help!"
Okay, then.
Blink to where?
Press: ? - help, Dir - move target A titan and a fire giant come into view.
The fire giant is wielding a +1 great sword of flaming.
Found a glowing scale mail, 5 stones and 29 gold pieces.
As you read the scroll of blinking, it crumbles to dust.
The stone giant throws a large rock.
The large rock hits you!
You die...

....# $..c. ##.......
.....# #... ##.......#
......###C###....C...#
.....................#
............C.p......#
...............(.....#
.........W......[.....
#e.ยง.9....@.......
#####.....####C...
####### .


You could see a titan, a fire giant, 2 stone giants, a shadow wraith
(invisible), a war gargoyle and a necromancer (fleeing).

Vanquished Creatures
  Nikola (Swamp:4)
  4 deep elf master archers (Elf:3)
  2 deep elf blademasters (Elf:3)
  A titan (Vaults:5)
  3 sphinxes
  Asterion (Vaults:1)
  Donald (Spider:1)
  2 thorn hunters
  Roxanne (D:15)
  Agnes (Spider:4)
  The ghost of kuniqs the Master Archer, an adept DEHu of Okawaru (Elf:1)
  Kirke (D:15)
  A fenstrider witch (Swamp:4)
  The ghost of kuniqs the Markself, an adept DEHs of Okawaru (Elf:1)
  2 fire giants
  The ghost of Gamunlei the Marksgargoyle, an adept GrHu of the Shining One (Swamp:1)
  6 deep elf sorcerers
  4 storm dragons
  An emperor scorpion (Spider:3)
  5 deep elf elementalists (Elf:3)
  17 vault wardens
  3 ghost moths
  2 orc warlords (Vaults:2)
  2 stone giants
  7 broodmothers
  15 ironbound preservers
  8 ironbound thunderhulks
  A cacodemon (Gauntlet)
  2 war gargoyles
  6 formless jellyfish
  A very ugly thing (Vaults:5)
  3 deep elf demonologists
  An eleionoma (Swamp:3)
  An eleionoma (shapeshifter) (Elf:3)
  A deep elf annihilator (Elf:3)
  8 bunyips
  4 dire elephants (Vaults:2)
  Azrael (D:15)
  A minotaur (Gauntlet)
  3 spark wasps
  An eidolon (Vaults:2)
  2 crystal guardians
  7 deep elf death magi
  4 ettins
  2 shambling mangroves
  8 entropy weavers
  A deep elf high priest (Elf:3)
  9 yaktaur captains
  18 hydras
  5 great orbs of eyes
  3 jorogumos
  2 peacekeepers
  A rakshasa (D:14)
  30 vault guards
  2 ogre magi
  2 ghost crabs
  5 ironbound frosthearts
  2 radroaches
  5 alligators
  4 catoblepae (Lair:5)
  A spriggan air mage (Swamp:3)
  10 centaur warriors
  16 dancing weapons
  10 two-headed ogres
  2 tengu warriors (D:15)
  6 demonic crawlers
  5 boulder beetles
  10 death yaks
  2 deep troll earth magi (Vaults:5)
  A spriggan berserker (Swamp:4)
  11 deep elf knights
  A hell knight (D:15)
  4 orc high priests
  A soul eater (Vaults:2)
  6 spriggans
  4 skeletal warriors (D:13)
  8 pharaoh ants
  A glowing orange brain (Vaults:4)
  7 goliath frogs
  36 deep trolls
  2 skysharks
  2 spriggan druids
  7 orb spiders
  10 bog bodies
  9 arcanists
  3 necromancers
  10 swamp dragons
  18 ironbound convokers
  5 steelbarb worms
  4 deep elf archers
  6 lindwurms
  8 orc knights
  22 deep elf pyromancers
  6 orc sorcerers
  16 wolf spiders
  8 harpies
  21 deep elf zephyrmancers
  18 ugly things
  5 oklob plants
  5 cyclopes
  6 manticores
  6 will-o-the-wisps
  4 moths of wrath
  16 elephants
  An ice statue (IceCv)
  A black mamba (Lair:3)
  15 vault sentinels
  5 cane toads
  A gargoyle (Bailey)
  5 torpor snails
  5 rime drakes
  4 unseen horrors
  An efreet (D:14)
  15 komodo dragons
  A tengu conjurer (D:15)
  2 freezing wraiths
  41 yaktaurs
  An anaconda simulacrum (IceCv)
  2 bloated husks
  19 hornets
  A polar bear (Lair:3)
  10 meliai
  A queen bee (Lair:3)
  4 trolls
  7 tyrant leeches
  A raiju (Gauntlet)
  24 tarantellas
  46 slime creatures
  7 dream sheep (Lair:1)
  16 blink frogs
  A culicivora (shapeshifter) (D:14)
  46 jumping spiders
  5 water elementals
  3 shadows
  5 air elementals
  8 fire elementals
  9 wyverns
  23 culicivoras
  A vampire (Bailey)
  5 basilisks
  2 hogs (D:15)
  40 yaks
  A basilisk (shapeshifter) (D:14)
  8 vampire mosquitoes
  2 chaos spawn (Abyss:3)
  2 humans (D:15)
  74 redbacks
  4 steam dragons
  2 wargs
  A small abomination (Abyss:3)
  2 death yak simulacra (IceCv)
  An acid dragon (D:11)
  16 water moccasins
  21 swamp worms
  13 swamp drakes
  A hell hound (D:15)
  3 black bears
  22 orc warriors
  2 ice beasts
  A boggart (Vaults:2)
  11 ogres
  A wolf (shapeshifter) (D:13)
  31 wolves
  11 centaurs
  3 phantoms
  4 kobold brigands
  15 bullfrogs
  7 two-headed ogre simulacra (IceCv)
  A gnoll sergeant (D:11)
  2 scorpions (D:5)
  3 earth elementals
  4 cane toad simulacra (IceCv)
  4 wights
  33 killer bees (Lair:3)
  3 elephant simulacra (IceCv)
  12 electric eels
  6 vampire bats (Bailey)
  7 wolf zombies (Bailey)
  A howler monkey (D:5)
  2 hounds (D:5)
  3 jellies
  17 orc priests
  2 starcursed masses
  3 gnoll boudas (D:9)
  A hound (shapeshifter) (D:14)
  3 iron imps (D:10)
  An iguana (D:5)
  26 orc wizards
  2 polar bear simulacra (IceCv)
  4 spriggan simulacra (IceCv)
  5 troll simulacra (IceCv)
  3 wolf simulacra (IceCv)
  Robin (D:3)
  13 gnolls
  7 naga simulacra (IceCv)
  8 adders
  2 shadow imps (D:5)
  6 white imps
  8 ufetubi
  2 worms (D:4)
  A dart slug (D:1)
  69 orcs
  12 ball pythons
  4 endoplasms
  5 giant cockroaches
  16 goblins
  20 hobgoblins
  2 jackals (D:4)
  4 quokkas
  3 training dummies (Orc:2)
  2 bats (D:1)
  A frilled lizard (D:3)
  19 kobolds
  19 orc zombies (Bailey)
  2 rats (D:2)
  A butterfly (D:7)
  3 spectral weapons
1620 creatures vanquished.

Vanquished Creatures (collateral kills)
  5 yaks (D:10)
5 creatures vanquished.

Vanquished Creatures (others)
  A deep elf knight (Elf:2)
  A goliath frog (Swamp:4)
  A harpy (Vaults:2)
  A tengu conjurer (D:15)
  A bloated husk (Swamp:2)
  A spriggan (Swamp:4)
  A starcursed mass (Elf:2)
  36 foxfires
43 creatures vanquished.

Grand Total: 1668 creatures vanquished

Notes
Turn   | Place    | Note
-------+----------+-------------------------------------------
     0 | D:1      | Dnvifnvgi the Minotaur Fighter began the quest for the Orb.
     0 | D:1      | Reached XP level 1. HP: 19/19 MP: 0/0
   250 | D:1      | Reached XP level 2. HP: 21/27 MP: 1/1
   454 | D:1      | Reached skill level 1 in Dodging
   567 | D:1      | Reached XP level 3. HP: 33/33 MP: 2/2
  1539 | D:3      | Reached XP level 4. HP: 40/40 MP: 3/3
  1635 | D:3      | Noticed Robin
  1639 | D:3      | Killed Robin
  1761 | D:3      | Found a snail-covered altar of Cheibriados.
  2501 | D:4      | Noticed a phantom
  2518 | D:4      | Killed a phantom
  2519 | D:4      | Reached XP level 5. HP: 45/47 MP: 4/4
  2603 | D:4      | Noticed a black bear
  2618 | D:4      | Killed a black bear
  2619 | D:4      | Reached skill level 5 in Fighting
  2619 | D:4      | Reached XP level 6. HP: 39/56 MP: 5/5
  2776 | D:4      | Reached skill level 5 in Armour
  2779 | D:4      | Found Neschaxoj's Armour Boutique.
  3146 | D:5      | Entered Level 5 of the Dungeon
  3183 | D:5      | Reached skill level 5 in Shields
  3290 | D:5      | Noticed a water moccasin
  3307 | D:5      | Killed a water moccasin
  3308 | D:5      | Reached XP level 7. HP: 20/61 MP: 6/6
  3527 | D:5      | Found a transporter.
  3546 | D:5      | Found a transporter.
  3698 | D:5      | Reached skill level 5 in Axes
  4290 | D:6      | Identified the "Narghi"
  4324 | D:6      | Reached XP level 8. HP: 70/70 MP: 7/7
  4333 | D:6      | Found Wehu's Elemental Accessories.
  4531 | D:6      | Found an ancient bone altar of Kikubaaqudgha.
  4570 | D:6      | Found a bloodstained altar of Trog.
  4785 | D:6      | Found Urumo's Antique Armour Shop.
  4871 | D:6      | Found Ycidok's CLEARANCE SALE!.
  4895 | D:6      | Bought a potion of heal wounds for 15 gold pieces
  4895 | D:6      | Bought a potion of resistance for 30 gold pieces
  5024 | D:6      | Found a hazy altar of Hepliaklqana.
  5246 | D:7      | Reached skill level 5 in Dodging
  5363 | D:7      | Found a staircase to the Ecumenical Temple.
  5430 | Temple   | Entered the Ecumenical Temple
  5991 | D:7      | Reached XP level 9. HP: 78/79 MP: 8/8
  6313 | D:8      | Found a white marble altar of Elyvilon.
  6314 | D:8      | Found a shadowy altar of Dithmenos.
  6316 | D:8      | Found a shimmering blue altar of Sif Muna.
  6535 | D:8      | Killed an unseen horror
  6631 | D:8      | Found a glowing silver altar of Zin.
  6755 | D:8      | Found Waxtey's Weapon Shoppe.
  6792 | D:8      | Found a radiant altar of Vehumet.
  6806 | D:8      | Found Obbud's Weapon Shop.
  6833 | D:8      | Bought a +0 heavy broad axe for 128 gold pieces
  6911 | D:8      | Noticed a troll
  6920 | D:8      | Killed a troll
  7435 | D:9      | Noticed a two-headed ogre
  7442 | D:9      | Killed a two-headed ogre
  7556 | D:9      | Reached XP level 10. HP: 90/90 MP: 9/9
  7817 | D:9      | Found a stormy altar of Qazlal.
  8498 | D:10     | Entered Level 10 of the Dungeon
  8510 | D:10     | Found a runed translucent gate.
  8511 | D:10     | Found a runed translucent gate.
  8511 | D:10     | Found an opulent altar of Gozag.
  8512 | D:10     | Found a runed translucent gate.
  8513 | D:10     | Noticed TheCrane's ghost (journeyman GrEE)
  8514 | D:10     | Noticed a centaur warrior
  8514 | D:10     | Noticed a boulder beetle
  8731 | D:10     | Found a flagged portal.
  8779 | Bailey   | Entered a bailey
  8894 | Bailey   | Noticed a gargoyle
  8901 | Bailey   | Killed a gargoyle
  9041 | Bailey   | Identified the +2 chain mail of Rotation {rCorr}
  9172 | Bailey   | Reached XP level 11. HP: 99/99 MP: 10/10
  9422 | D:10     | Found an iron altar of Okawaru.
  9424 | D:10     | Found a blossoming altar of Fedhas.
  9427 | D:10     | Found an opulent altar of Gozag.
  9431 | D:10     | Became a worshipper of Warmaster Okawaru
  9744 | D:10     | Reached skill level 10 in Fighting
  9751 | D:10     | Reached skill level 10 in Armour
  9751 | D:10     | Reached skill level 10 in Shields
  9930 | D:10     | Found a burning altar of Makhleb.
 10123 | D:11     | Reached * piety under Okawaru
 10748 | D:11     | Found a staircase to the Lair.
 10790 | D:11     | Reached skill level 10 in Axes
 11250 | D:12     | Identified the "Xuagac"
 11292 | D:12     | Reached ** piety under Okawaru
 11939 | D:12     | Noticed a deep elf pyromancer
 11952 | D:12     | Killed a deep elf pyromancer
 11952 | D:12     | Reached *** piety under Okawaru
 11963 | D:12     | Found a staircase to the Orcish Mines.
 12278 | D:12     | Found a white marble altar of Elyvilon.
 12399 | D:13     | Noticed a skeletal warrior
 12399 | D:13     | Noticed a skeletal warrior
 12399 | D:13     | Noticed a skeletal warrior
 12399 | D:13     | Noticed a skeletal warrior
 12399 | D:13     | Noticed a red ugly thing
 12457 | D:13     | Noticed a two-headed ogre
 12462 | D:13     | Killed a two-headed ogre
 12555 | D:13     | Noticed a two-headed ogre
 12559 | D:13     | Killed a two-headed ogre
 12647 | D:13     | Found an iron altar of Okawaru.
 12766 | D:13     | Reached XP level 12. HP: 110/110 MP: 11/11
 12845 | D:13     | Reached **** piety under Okawaru
 13248 | D:13     | Reached skill level 10 in Dodging
 13679 | D:13     | Noticed a five-headed hydra
 13687 | D:13     | Killed a one-headed hydra
 13827 | D:14     | Noticed a rakshasa
 13841 | D:14     | Killed a rakshasa
 14029 | D:14     | Noticed a centaur warrior
 14033 | D:14     | Killed a centaur warrior
 14033 | D:14     | Reached ***** piety under Okawaru
 14113 | D:14     | Received a gift from Okawaru
 14383 | D:14     | Noticed a centaur warrior
 14509 | D:14     | Killed a centaur warrior
 14521 | D:14     | Reached XP level 13. HP: 85/119 MP: 12/12
 14792 | D:14     | Found a gate to the Vaults.
 15000 | Lair:1   | Entered Level 1 of the Lair of Beasts
 15113 | Lair:1   | Found a frozen archway.
 15141 | Lair:1   | Received a gift from Okawaru
 15149 | IceCv    | Entered an ice cave
 15730 | IceCv    | Identified the +4 glaive of the Bear {freeze, Int+4 SInv}
 16154 | Lair:1   | Identified the amulet "Vaebied" {Faith Rampage Fragile
                  | rCorr Dex+2}
 16476 | Lair:1   | Identified the +8 sling of the Sage {freeze, rPois Str+4}
 16651 | Lair:2   | Found a staircase to the Swamp.
 16852 | Lair:2   | Found a transporter.
 16854 | Lair:2   | Found a transporter.
 16863 | Lair:2   | Found a bloodstained altar of Trog.
 16910 | Lair:2   | Noticed soseboi's ghost (journeyman GrMo)
 17506 | Gauntlet | Identified the "Kugoism"
 17532 | Lair:3   | Reached ****** piety under Okawaru
 17593 | Lair:3   | Received a gift from Okawaru
 17707 | Lair:3   | HP: 6/122 [komodo dragon (10)]
 17716 | Lair:3   | Found a gate leading to a gauntlet.
 17724 | Gauntlet | Entered a Gauntlet
 17724 | Gauntlet | Found a transporter.
 17724 | Gauntlet | Found a transporter.
 17986 | Gauntlet | Found a transporter.
 17986 | Gauntlet | Found a transporter.
 17995 | Gauntlet | Found a transporter.
 18014 | Gauntlet | Found a transporter.
 18024 | Gauntlet | Found a transporter.
 18024 | Gauntlet | Found a transporter.
 18025 | Gauntlet | Noticed a cacodemon
 18038 | Gauntlet | Found a transporter.
 18045 | Gauntlet | Found a transporter.
 18057 | Gauntlet | Found a transporter.
 18103 | Gauntlet | Found the +7 lajatang of Order {silver, rMut}
 18114 | Gauntlet | Found a transporter.
 18128 | Gauntlet | Found a transporter.
 18219 | Gauntlet | Found a transporter.
 18228 | Gauntlet | Found a transporter.
 18244 | Gauntlet | Found a transporter.
 18383 | Gauntlet | Received a gift from Okawaru
 18451 | Gauntlet | Killed a cacodemon
 18452 | Gauntlet | Reached XP level 14. HP: 114/130 MP: 13/13
 18461 | Gauntlet | Identified the +3 leather armour of Meinoc {rF+}
 18518 | Gauntlet | Identified the ring "Ybluot Tudy" {Contam rN+ MP+9 Dex+4}
 18551 | Gauntlet | Identified the +3 troll leather armour "Riaqeqisu" {-Cast
                  | Will- Regen+ Str+8}
 18688 | Lair:3   | Found a hole to the Spider Nest.
 19961 | Lair:4   | Received a gift from Okawaru
 20208 | Lair:4   | Found a staircase to the Slime Pits.
 21092 | Lair:5   | Entered Level 5 of the Lair of Beasts
 21259 | Lair:5   | Received a gift from Okawaru
 22469 | Lair:5   | Reached XP level 15. HP: 139/139 MP: 14/14
 22478 | Lair:5   | Reached skill level 15 in Armour
 22516 | Lair:5   | Received a gift from Okawaru
 22517 | Lair:5   | Reached skill level 15 in Fighting
 22517 | Lair:5   | Reached skill level 15 in Shields
 22973 | Orc:1    | Entered Level 1 of the Orcish Mines
 23231 | Orc:1    | Found Ohoollie's Antique Weapon Boutique.
 23237 | Orc:1    | Found Cidgh's Commerce Corner.
 23252 | Orc:1    | Bought a potion of curing for 39 gold pieces
 23252 | Orc:1    | Bought a potion of curing for 39 gold pieces
 23356 | Orc:2    | Entered Level 2 of the Orcish Mines
 23359 | Orc:2    | Found Adamuuti's Antique Armour Shoppe.
 23363 | Orc:2    | Found Lura's Firing Range.
 23566 | Orc:2    | Found Lerhonn's Magic Scroll Shop.
 23574 | Orc:2    | Bought a scroll of acquirement for 728 gold pieces
 23574 | Orc:2    | Bought a scroll of blinking for 105 gold pieces
 23574 | Orc:2    | Bought a scroll of teleportation for 42 gold pieces
 23574 | Orc:2    | Bought a scroll of blinking for 105 gold pieces
 23574 | Orc:2    | Bought a scroll of teleportation for 42 gold pieces
 23574 | Orc:2    | Acquired 1081 gold pieces
 23813 | Orc:2    | Found a staircase to the Elven Halls.
 23820 | Orc:2    | Found Rosu's Assorted Antiques.
 23823 | Orc:2    | Bought a scroll of enchant armour for 172 gold pieces
 23824 | Orc:2    | Bought a moonstone ring for 115 gold pieces
 24002 | Orc:2    | Found Zoshoug's Armour Boutique.
 24010 | Orc:2    | Bought a +2 buckler of protection for 301 gold pieces
 24067 | Orc:2    | Found Qoenin's General Store.
 24222 | Orc:2    | Reached skill level 15 in Axes
 24661 | Orc:2    | Found Quleum's Jewellery Shop.
 24669 | Orc:2    | Found Secititt's Distillery.
 24677 | Orc:2    | Received a gift from Okawaru
 24678 | Orc:2    | Found Wyewn's Distillery.
 24782 | Orc:2    | Bought a potion of heal wounds for 65 gold pieces
 24782 | Orc:2    | Bought a potion of enlightenment for 65 gold pieces
 24782 | Orc:2    | Bought a potion of haste for 130 gold pieces
 24782 | Orc:2    | Bought a potion of might for 52 gold pieces
 24782 | Orc:2    | Bought a potion of curing for 39 gold pieces
 24782 | Orc:2    | Bought a potion of curing for 39 gold pieces
 24790 | Orc:2    | Bought a potion of ambrosia for 104 gold pieces
 24790 | Orc:2    | Bought a potion of enlightenment for 65 gold pieces
 24790 | Orc:2    | Bought a potion of cancellation for 104 gold pieces
 24790 | Orc:2    | Bought a potion of enlightenment for 65 gold pieces
 24790 | Orc:2    | Bought a potion of ambrosia for 104 gold pieces
 24790 | Orc:2    | Bought a potion of magic for 104 gold pieces
 24929 | D:15     | Entered Level 15 of the Dungeon
 25131 | D:15     | Found a staircase to the Depths.
 25242 | D:15     | Noticed Azrael
 25255 | D:15     | Killed Azrael
 25860 | D:15     | Identified the +10 shortbow of the Brewing Gods {freeze,
                  | rC+ Dex+2}
 25955 | D:15     | Noticed Roxanne
 25972 | D:15     | Killed Roxanne
 25972 | D:15     | Received a gift from Okawaru
 25975 | D:15     | Identified the +1 pair of boots of Weightlessness {SInv}
 25984 | D:15     | Noticed Kirke
 25993 | D:15     | Killed Kirke
 26588 | Spider:1 | Entered Level 1 of the Spider Nest
 27419 | Spider:1 | Received a gift from Okawaru
 27616 | Spider:1 | Noticed Donald
 27629 | Spider:1 | Killed Donald
 27633 | Spider:1 | Gained mutation: You occasionally shout uncontrollably at
                  | your foes. [potion of mutation]
 27633 | Spider:1 | Gained mutation: You are agile. (Dex +4, Str/Int -1)
                  | [potion of mutation]
 27633 | Spider:1 | Gained mutation: You passively map a small area around you.
                  | [potion of mutation]
 27634 | Spider:1 | Lost mutation: You passively map a small area around you.
                  | [potion of mutation]
 27634 | Spider:1 | Lost mutation: You occasionally shout uncontrollably at
                  | your foes. [potion of mutation]
 27634 | Spider:1 | Lost mutation: You are agile. (Dex +4, Str/Int -1) [potion
                  | of mutation]
 27634 | Spider:1 | Gained mutation: You are clumsy. (Dex -2) [potion of
                  | mutation]
 27635 | Spider:1 | Lost mutation: You are clumsy. (Dex -2) [potion of
                  | mutation]
 27635 | Spider:1 | Gained mutation: You are weak. (Str -2) [potion of
                  | mutation]
 27756 | Spider:1 | Reached XP level 16. HP: 147/151 MP: 15/15
 28124 | Spider:2 | Received a gift from Okawaru
 28972 | Spider:2 | Received a gift from Okawaru
 29118 | Spider:2 | Identified the +9 short sword "Gievy" {venom, rN++ Will+
                  | Str-2}
 29963 | Spider:3 | Received a gift from Okawaru
 29964 | Spider:3 | Reached skill level 1 in Invocations
 30388 | Spider:3 | Reached skill level 5 in Invocations
 31455 | Spider:3 | Found the ring of the Mage {Wiz Archmagi}
 31805 | Swamp:1  | Entered Level 1 of the Swamp
 32189 | Swamp:1  | Found a large runed translucent door.
 32189 | Swamp:1  | Found a large runed translucent door.
 32192 | Swamp:1  | Noticed Gamunlei's ghost (adept GrHu)
 32225 | Swamp:1  | Killed Gamunlei's ghost
 32526 | Swamp:1  | Identified the +1 scale mail of Hangman {Contam *Slow Str+4
                  | Int+8}
 32540 | Swamp:1  | Reached XP level 17. HP: 160/160 MP: 20/22
 32727 | Swamp:2  | Received a gift from Okawaru
 33483 | Swamp:3  | Reached skill level 10 in Invocations
 33749 | Swamp:3  | Reached skill level 15 in Dodging
 34349 | Swamp:4  | Entered Level 4 of the Swamp
 34349 | Swamp:4  | Noticed Nikola
 34477 | Spider:4 | Entered Level 4 of the Spider Nest
 34616 | Spider:4 | Noticed Agnes
 34624 | Spider:4 | Killed Agnes
 34624 | Spider:4 | Received a gift from Okawaru
 35536 | Spider:4 | Received a gift from Okawaru
 36364 | Spider:4 | Paralysed by a jorogumo for 1 turns
 36467 | Spider:4 | Got a gossamer rune of Zot
 36932 | Swamp:4  | Killed Nikola
 37187 | Swamp:4  | Received a gift from Okawaru
 37430 | Swamp:4  | Reached XP level 18. HP: 168/170 MP: 24/24
 37592 | Swamp:4  | Paralysed by a fenstrider witch for 5 turns
 38392 | Swamp:4  | Received a gift from Okawaru
 38874 | Swamp:4  | Got a decaying rune of Zot
 39257 | Vaults:1 | Entered Level 1 of the Vaults
 39451 | Vaults:1 | Found a portal to a secret trove of treasure.
 39459 | Trove    | Entered a treasure trove
 39484 | Trove    | Identified the amulet of Jyel {Reflect -Tele rElec Int+5
                  | SH+5}
 39504 | Trove    | Reached XP level 19. HP: 179/179 MP: 25/25
 39614 | Vaults:1 | Noticed Asterion
 39624 | Vaults:1 | Killed Asterion
 40076 | Vaults:1 | Paralysed by a formless jellyfish for 1 turns
 40472 | Vaults:1 | Identified the +3 leather armour of Boz Mash {rPois}
 40716 | Vaults:1 | Paralysed by a formless jellyfish for 1 turns
 41386 | Vaults:2 | Reached XP level 20. HP: 183/189 MP: 24/26
 41676 | Vaults:2 | Found a staircase to the Crypt.
 42143 | Vaults:2 | Found Qetuchap's Weapon Boutique.
 42258 | Vaults:2 | Identified the +6 dagger of Recklessness {heavy, *Rage
                  | Fragile Int+8 Stlth+}
 43001 | Vaults:3 | Found Piuxo's Weapon Emporium.
 43270 | Vaults:3 | Received a gift from Okawaru
 43723 | Vaults:3 | Identified the +1 buckler "Lafraad Muad" {rPois}
 44388 | Vaults:4 | Found Neuz's Assorted Antiques.
 44402 | Vaults:4 | Bought a potion of curing for 120 gold pieces
 44402 | Vaults:4 | Bought a fine ivory ring for 200 gold pieces
 44402 | Vaults:4 | Identified the ring of Zuqes {Fly rF+ Stlth+} (You bought
                  | it in a shop on level 4 of the Vaults)
 44402 | Vaults:4 | Bought a scroll of teleportation for 120 gold pieces
 44402 | Vaults:4 | Bought a scroll of teleportation for 120 gold pieces
 44414 | Vaults:4 | Received a gift from Okawaru
 44515 | Vaults:4 | Reached XP level 21. HP: 189/201 MP: 27/27
 44709 | Vaults:4 | Identified the +0 buckler of Bumus {Fly}
 44999 | Vaults:4 | Found Anase's Antique Weapon Shoppe.
 45481 | Elf:1    | Identified the "Zetwetsi"
 45481 | Elf:1    | Entered Level 1 of the Elven Halls
 45513 | Elf:1    | Found Hinipp's Antique Armour Emporium.
 45538 | Elf:1    | Found a flickering gateway to a bazaar.
 45545 | Bazaar   | Entered a bazaar
 45545 | Bazaar   | Found Ydarue's Assorted Antiques.
 45548 | Bazaar   | Found Sigih's Weapon Emporium.
 45558 | Bazaar   | Found Rivotef's Magic Scroll Shop.
 45567 | Bazaar   | Found Rosu's Assorted Antiques.
 45571 | Bazaar   | Found Xotoppenk's Antique Weapon Shop.
 45598 | Bazaar   | Bought a scroll of teleportation for 75 gold pieces
 45598 | Bazaar   | Bought a potion of heal wounds for 125 gold pieces
 45613 | Bazaar   | Bought a scroll of blinking for 112 gold pieces
 45613 | Bazaar   | Bought a scroll of revelation for 112 gold pieces
 45613 | Bazaar   | Bought 2 scrolls of blinking for 225 gold pieces
 45613 | Bazaar   | Bought a scroll of revelation for 112 gold pieces
 45613 | Bazaar   | Bought a scroll of teleportation for 45 gold pieces
 45613 | Bazaar   | Bought a scroll of immolation for 60 gold pieces
 45689 | Elf:1    | Paralysed by an air elemental for 1 turns
 45797 | Elf:1    | Found Jyixint's Distillery.
 45854 | Elf:1    | Bought a potion of haste for 180 gold pieces
 45854 | Elf:1    | Bought a potion of might for 72 gold pieces
 45854 | Elf:1    | Bought a potion of enlightenment for 90 gold pieces
 45854 | Elf:1    | Bought a potion of curing for 54 gold pieces
 45854 | Elf:1    | Bought a potion of curing for 54 gold pieces
 45854 | Elf:1    | Bought a potion of heal wounds for 90 gold pieces
 45854 | Elf:1    | Bought a potion of curing for 54 gold pieces
 46095 | Elf:1    | Found Cuuqudum's Distillery.
 46098 | Elf:1    | Bought a potion of haste for 130 gold pieces
 46098 | Elf:1    | Bought a potion of invisibility for 104 gold pieces
 46098 | Elf:1    | Bought 2 potions of curing for 78 gold pieces
 46098 | Elf:1    | Bought a potion of heal wounds for 65 gold pieces
 46100 | Elf:1    | Found Bumnunu's Jewellery Boutique.
 46146 | Elf:1    | Received a gift from Okawaru
 46196 | Elf:1    | Found a runed translucent door.
 46200 | Elf:1    | Found a basalt altar of Yredelemnul.
 46296 | Elf:1    | Found a runed translucent gate.
 46296 | Elf:1    | Found a runed translucent gate.
 46296 | Elf:1    | Found a runed translucent gate.
 46536 | Elf:1    | Noticed kuniqs's ghost (adept DEHs)
 46536 | Elf:1    | Noticed kuniqs's ghost (adept DEHu)
 46551 | Elf:1    | Killed kuniqs's ghost
 46555 | Elf:1    | Killed kuniqs's ghost
 46849 | Abyss:3  | Identified the "Madirph"
 46849 | Abyss:3  | Cast into level 3 of the Abyss (+6 war axe of distortion)
 46950 | Elf:2    | Escaped the Abyss
 47209 | Elf:2    | Found Hipt's Jewellery Boutique.
 47209 | Elf:2    | Found Dianuv's Book Shoppe.
 47210 | Elf:2    | Found Zicic's Book Shoppe.
 47369 | Elf:2    | Found a runed translucent gate.
 47369 | Elf:2    | Found a runed translucent gate.
 47370 | Elf:2    | Found a runed translucent gate.
 47412 | Elf:3    | Identified the "Iriqicu"
 47412 | Elf:3    | Identified the "Founopno"
 47412 | Elf:3    | Identified the of Arphu
 47412 | Elf:3    | Entered Level 3 of the Elven Halls
 47494 | Elf:3    | Identified the +4 sling of Conscience {antimagic, +Blink
                  | Int+7 Dex-2}
 47912 | Elf:3    | Received a gift from Okawaru
 47947 | Elf:3    | Found Cosor's General Store.
 47988 | Elf:3    | Acquired 1090 gold pieces
 48135 | Elf:3    | Paralysed by an air elemental for 1 turns
 48140 | Elf:3    | Paralysed by an air elemental for 1 turns
 48506 | Elf:3    | Identified the +2 robe of Yphousu {rC+ rN+ Will+ Dex-3}
 48695 | Elf:3    | Identified the +5 dagger of the Wraith {flame, Fragile
                  | rN+++ rCorr Int-4}
 48741 | Elf:3    | Identified the +2 ring mail of Omission {Harm rElec rPois
                  | rN+}
 48748 | Elf:3    | Acquired the +0 pair of boots of the Saviour {rF++}
 48793 | Elf:3    | Identified the staff of Calculation {rN+ Will- Int+3 Dex+2
                  | Necro}
 48839 | Elf:3    | Identified the staff "Pamexot" {rCorr Conj}
 49170 | Vaults:5 | Entered Level 5 of the Vaults
 49198 | Vaults:4 | Reached XP level 22. HP: 90/213 MP: 23/28
 49476 | Vaults:5 | HP: 4/203 [stone giant/large rock (14)]
 49477 | Vaults:5 | Hit by a large rock thrown by a stone giant

Illustrated notes

Levels and vault maps discovered:
D:1:      dpeg_arrival_rooms_c, layout_basic
D:2:      layout_rooms
D:3:      layout_basic, cheibriados_altar_1, uniq_robin
D:4:      layout_loops_ring, serial_shops, nicolae_shop_crystal, eino_curves_03,
          kennysheep_cross_bottleneck
D:5:      gammafunk_wand_slinger, layout_basic
D:6:      layout_loops_cross, mainiacjoe_overflow_concentric_impassable,
          general_overflow_altar, nicolae_kikubaaqudgha_miasma_corner,
          serial_shops, kennysheep_mini_moat, minmay_splitting_lines,
          chequers_serial_rivers_room_a, nicolae_elemental_shop,
          nicolae_shop_clearance
D:7:      layout_gridville, minmay_temple_entry_butterflies
D:8:      nicolae_cairo_tiling_very_big, layout_basic, kennysheep_mini,
          vehumet_altar_wand_db, minitemple, serial_shops,
          nicolae_lakefront_shop, nicolae_shop_bloodbath_and_beyond
D:9:      kennysheep_seaside_town, layout_irregular_city, grunt_qazlal_clouds
D:10:     layout_basic, demons_altar, grunt_temple_overflow_open, serial_glass,
          glass_columns_a, glass_columns_a, glass_columns_b, glass_columns_c,
          glass_columns_a, glass_columns_b, glass_columns_c, glass_columns_b,
          due_unseen_surprise, ebering_ghost_gozag, enter_bailey_4,
          hangedman_decor_slide_cut
D:11:     layout_basic, david_lair_shrubbed
D:12:     layout_basic, erik_orc_1, elyvilon_altar_5
D:13:     layout_roguey, okawaru_gym_becter
D:14:     layout_rooms, hellmonk_vaults_attempted_burglary, serial_glass,
          glass_columns_b, glass_columns_a, nicolae_underground_beach
D:15:     hangedman_depths_entry_civil_slaughter, layout_grid_maze,
          hangedman_decor_points, uniq_kirke, uniq_azrael, uniq_roxanne
Temple:   nicolae_temple_ecumenical_triangle
Lair:1:   layout_cave_shapes, portal_ice_cave_entry_pillars_2,
          infiniplex_staircase_pool
Lair:2:   layout_hall_layers, minmay_swamp_entry_worms,
          gammafunk_ghost_wrathful_warriors
Lair:3:   regret_index_harrowing_hell_hive, layout_hall_layers,
          hellmonk_spider_entry_not_the_bees, gauntlet_entry_generic
Lair:4:   layout_regular_city, minmay_slime_entry_oklob_open,
          grunt_forest_large_clearings
Lair:5:   evilmike_catoblepas_cave, layout_regular_city
Swamp:1:  layout_basic_swamp, ebering_ghost_disaster_area, serial_swamp_ruin,
          evilmike_swamp_ruin_house_6, evilmike_swamp_ruin_rubble_2
Swamp:2:  layout_basic_swamp, evilmike_swamp_ruin_rubble_1, swamp_pool3
Swamp:3:  layout_falls_marsh, nicolae_swamp_fairy_circle
Swamp:4:  swamp_basic_johnstein, layout_basic_swamp,
          infiniplex_staircase_pool_2, uniq_nikola
Spider:1: layout_spider_delve, spiders_nest_hornet_nest, uniq_donald
Spider:2: layout_spider_delve
Spider:3: nicolae_spider_jumping_over_cracks [nicolae_spider_jumping_sub_divot,
          nicolae_spider_jumping_sub_plain, nicolae_spider_jumping_sub_offset,
          nicolae_spider_jumping_sub_plain], nicolae_spider_circle_web,
          nicolae_spider_bzzzt
Spider:4: hellmonk_spider_rune_endless_swarm, nicolae_spider_baby_got_redback,
          uniq_agnes
Orc:1:    layout_caves, basic_altar, serial_shops, shop, nicolae_alphabet_shops
Orc:2:    st_orc_elflike, layout_caves, serial_shops,
          nicolae_shop_real_fake_doors, shop, shop, shop,
          nicolae_shop_firing_range
Elf:1:    eino_elf_arrival_the_gate, layout_loops_cross,
          gammafunk_ghost_cemetery, serial_shops, bzr_entry_road, shop, shop,
          shop, nicolae_shop_advertising_works [nicolae_subvault_shop_adworks],
          minmay_elf_demonology, nicolae_danse_macabre
Elf:2:    nicolae_elf_blades_splatter_lattice [infiniplex_blade_entry_pillars],
          layout_gridlike, serial_sigils_hangedman_scratch,
          nicolae_elf_big_sculpture_1, minivault_14, minmay_shop_grove
Elf:3:    minmay_elf_hall, layout_onion_city, serial_shops,
          nicolae_shop_gibbet_a_chance
Vaults:1: grunt_vaults_trifunnel, vaults_dpeg_cross, nicolae_vaults_apartment_2,
          nicolae_vaults_octothorpe, nicolae_vaults_halls_meeting,
          nicolae_vaults_tetromino_Z_2, nicolae_vaults_hallways_thing,
          v_misc_26, nicolae_vaults_diamond_1, nicolae_vaults_wine_cellar,
          nicolae_vaults_closet_pinwheel_2, nicolae_vaults_door_testing_chamber,
          ontoclasm_vaults_loading_screen, ontoclasm_vaults_ring_small,
          layout_vaults_omnibox, enter_trove_1, uniq_asterion
Vaults:2: nicolae_vaults_trapezoid_3, v_misc_19,
          minmay_crypt_entry_simple_walls, v_rooms_2, nicolae_vaults_spaceships,
          nicolae_vaults_antechamber_and_loot_room,
          nicolae_vaults_steering_wheel, nicolae_vaults_hexular_roomagon,
          nicolae_vaults_tetromino_Z_2, hangedman_vaults_maws,
          ontoclasm_vaults_decontamination, nicolae_vaults_variable_pillar_hall,
          layout_vaults_ring, serial_shops, shop
Vaults:3: nicolae_vaults_disjoint_gnomons, v_misc_14,
          nicolae_vaults_windows_and_doors_thing, hangedman_vaults_river_flow,
          nicolae_vaults_angled_halls, hangedman_vaults_restitches,
          nicolae_vaults_taking_the_gang_shopping, nicolae_vaults_trapezoid_3,
          hangedman_vaults_trim, nicolae_vaults_tetromino_T_1,
          layout_vaults_quadrants
Vaults:4: ontoclasm_vaults_claustrophobia, ontoclasm_vaults_loading_screen,
          vaults_mumra_hex, nicolae_vaults_twisting_passages,
          nicolae_vaults_closet_pinwheel_1, v_rooms_3, nicolae_vaults_diamond_2,
          nicolae_vaults_house_2, nicolae_vaults_network_quincunx
          [nicolae_vaults_network_quincunx_subvault,
          nicolae_vaults_network_quincunx_subvault,
          nicolae_vaults_network_quincunx_subvault,
          nicolae_vaults_network_quincunx_subvault,
          nicolae_vaults_network_quincunx_subvault], ontoclasm_vaults_spin,
          nicolae_vaults_little_squares_6, vaults_room_pools,
          nicolae_vaults_house_2, layout_vaults_omnicross, serial_shops,
          nicolae_shop_competitors_out_of_business, nicolae_shop_crystal
Vaults:5

Skill      XL: |  1  2  3  4  5  6  7  8  9 10 11 12 13 14 15 16 17 18 19 20 21 |
---------------+----------------------------------------------------------------+-----
Dodging        | 1 2 3 4 5 6 8 9 10 12 13 14 15 16 17 18 19 | 19.9
Armour         | 4 5 6 7 8 9 11 12 13 14 16 17 18 19 20 21 | 21.8
Shields        | 4 5 6 7 8 9 11 12 13 14 16 17 18 20 21 | 21.7
Fighting       | 4 5 6 7 8 9 11 12 13 14 16 17 18 20 21 | 21.6
Axes           | 3 4 5 6 8 9 10 12 13 14 15 16 17 18 | 18.0
Invocations    | 8 10 | 10.0

Action                     |  1- 3 |  4- 6 |  7- 9 | 10-12 | 13-15 | 16-18 | 19-21 | 22-24 || total
---------------------------+-------+-------+-------+-------+-------+-------+-------+-------++-------
  Melee: War axe           |    92 |    69 |       |     7 |     7 |     7 |       |       ||   182
         Headbutt          |    11 |    18 |    26 |    90 |   165 |   206 |   246 |    16 ||   778
         Hand axe          |       |    46 |   173 |   272 |       |       |       |       ||   491
         Broad axe         |       |       |       |   168 |   873 |   980 |   969 |    66 ||  3056
 Invoke: Heroism           |       |       |       |     3 |     9 |    15 |    16 |     2 ||    45
         Finesse           |       |       |       |       |       |       |     3 |     1 ||     4
  Evoke: Wand              |       |       |    11 |    13 |     5 |     9 |     1 |       ||    39
         Condenser vane    |       |       |       |       |     2 |       |     1 |       ||     3
         Lightning rod     |       |       |       |       |       |       |     4 |       ||     4
    Use: Scroll            |     8 |     3 |     2 |     8 |    18 |    10 |    14 |     6 ||    69
         Potion            |       |       |     2 |     2 |    12 |     3 |    12 |     4 ||    35
   Stab: Distracted        |       |       |       |     1 |       |     2 |       |       ||     3
         Invisible         |       |       |       |     4 |     4 |       |     3 |       ||    11
         Petrified         |       |       |       |       |     9 |       |       |       ||     9
         Confused          |       |       |       |       |     1 |       |       |       ||     1
 Armour: Scale mail        |    35 |       |       |       |       |       |       |       ||    35
         Chain mail        |    21 |    77 |   160 |   395 |   852 |  1086 |   687 |    72 ||  3350
  Dodge: Dodged            |    28 |    55 |   142 |   417 |   915 |  1217 |   741 |    71 ||  3586
  Block: Buckler           |    29 |    34 |    48 |   161 |   493 |   874 |   597 |    75 ||  2311

Table legend: (Time is in decaauts)
 A = Elapsed time spent in this place.
 B = Non-inter-level travel time spent in this place.
 C = Inter-level travel time spent in this place.
 D = Time resting spent in this place.
 E = Time spent auto-exploring this place.
 F = Levels seen in this place.
 G = Mean time per level.
                   A        B        C        D        E       F      G
               +--------+--------+--------+--------+--------+-----+--------+
         Total |  50612 |  47965 |   2647 |   4288 |  33705 |  45 | 1124.7 |
       Dungeon |  16900 |  15815 |   1085 |    532 |  12373 |  15 | 1126.7 |
        Temple |      3 |      1 |      2 |      0 |      0 |   1 |    3.0 |
          Lair |   7082 |   6748 |    334 |    477 |   4986 |   5 | 1416.4 |
         Swamp |   5394 |   5165 |    229 |   1640 |   2523 |   4 | 1348.5 |
   Spider Nest |   6909 |   6579 |    330 |    954 |   4176 |   4 | 1727.2 |
  Orcish Mines |   1954 |   1846 |    108 |      0 |   1523 |   2 |  977.0 |
   Elven Halls |   3301 |   3107 |    194 |    200 |   2070 |   3 | 1100.3 |
        Vaults |   6422 |   6061 |    361 |    139 |   4595 |   5 | 1284.4 |
         Abyss |    101 |    101 |      0 |      0 |     65 |   1 |  101.0 |
        Bazaar |     85 |     85 |      0 |      0 |     30 |   1 |   85.0 |
         Trove |    108 |    108 |      0 |      0 |     32 |   1 |  108.0 |
        Bailey |    478 |    478 |      0 |    112 |    202 |   1 |  478.0 |
      Ice Cave |    972 |    972 |      0 |    118 |    574 |   1 |  972.0 |
      Gauntlet |    898 |    898 |      0 |    115 |    555 |   1 |  898.0 |
               +--------+--------+--------+--------+--------+-----+--------+

Top non-repeatable levels by time:
Spider:3: 2260 daAuts
 Swamp:3: 2165 daAuts
  Lair:3: 2112 daAuts
Spider:4: 2042 daAuts
  Lair:4: 1748 daAuts
Vaults:1: 1748 daAuts
    D:12: 1648 daAuts
Spider:2: 1621 daAuts
Vaults:4: 1563 daAuts
    D:15: 1557 daAuts
Vaults:3: 1514 daAuts
   Elf:3: 1513 daAuts
Vaults:2: 1506 daAuts
   Orc:2: 1452 daAuts
  Lair:5: 1448 daAuts
